 Dungeon Crawl Stone Soup version 0.25-a0-603-g0321be95db (webtiles) character file.

Game seed: 1539871858137411561, levelgen mode: deterministic

105 An17 the Skirmisher (level 4, -1/38 HPs)
             Began as a Demonspawn Wanderer on Mar 16, 2020.
             Slain by a shadow imp (2 damage)
             ... summoned by Natasha
             ... on level 2 of the Dungeon.
             The game lasted 00:03:29 (1306 turns).

An17 the Skirmisher (Demonspawn Wanderer)           Turns: 1306, Time: 00:03:30

Health: -1/38      AC:  7    Str: 13    XL:     4   Next: 53%
Magic:  4/4        EV: 10    Int: 14    God:
Gold:   123        SH:  0    Dex: 12    Spells: 3/3 levels left

rFire    . . .     SeeInvis .   a - +2 quarterstaff
rCold    . . .     Gourm    .   (shield currently unavailable)
rNeg     . . .     Faith    .   g - +0 ring mail
rPois    .         Spirit   .   (helmet restricted)
rElec    .         Reflect  .   i - +0 cloak
rCorr    .         Harm     .   (no gloves)
MR       .....                  j - +0 pair of boots
Stlth    +.........             (no amulet)
HPRegen  0.12/turn              (no ring)
MPRegen  0.09/turn              (no ring)

@: no status effects
A: antennae 1, powered by pain 1
a: no special abilities


You were on level 2 of the Dungeon.
You were not hungry.

You visited 1 branch of the dungeon, and saw 2 of its levels.

You collected 123 gold pieces.

Inventory:

Hand Weapons
 a - a +2 quarterstaff (weapon)
Missiles
 c - 23 arrows
Armour
 g - a +0 ring mail (worn)
 i - a +0 cloak (worn)
 j - a +0 pair of boots (worn)
Scrolls
 b - 2 scrolls of teleportation
Potions
 d - a potion of might {unknown}
 e - a potion of lignification {unknown}
 h - a potion of heal wounds {unknown}
Comestibles
 f - 2 rations


   Skills:
 + Level 4.8 Fighting
 + Level 3.2 Staves
   Level 1.7 Bows
 - Level 1.0 Throwing
 + Level 0.3 Armour
 + Level 1.1 Dodging
 - Level 1.0 Stealth


You had 3 spell levels left.
You didn't know any spells.
Your spell library was empty.

Dungeon Overview and Level Annotations

Branches:
Dungeon (2/15)

Altars:
Ashenzari
Sif Muna

Annotations:
D:2 Natasha


Innate Abilities, Weirdness & Mutations

You have a pair of small antennae on your head.
You sometimes gain a little power by taking damage.


Message History

Natasha stares at you and mumbles some strange words.
The magic dart hits you.
* * * LOW HITPOINT WARNING * * *
Natasha claws you but does no damage.
You miss Natasha. Natasha claws you.
* * * LOW HITPOINT WARNING * * *
You closely miss Natasha. Natasha claws you but does no damage.
You hit Natasha.
Natasha is heavily wounded.
Natasha mumbles some strange words.
You hit Natasha.
Natasha is severely wounded.
Natasha closely misses you.
The shadow imp grinds its teeth.
Natasha claws you.
* * * LOW HITPOINT WARNING * * *
You hit Natasha.
Natasha is severely wounded.
The shadow imp hits you.
You die...

#..#.#### #....# #.#.#..# #
##.#.# #....# #.#.#..####
(....#########
#....###.#.#.)....
##...>.......#
#....'.#.#.##.####
####.######.###....#.#......#
##.# #...+....'.<......# ###
#..##....#.#...#.##
###....5...#.....#.#####
##......@h..#.<.#.#......
#.....#.#..รท#...#.#######
#.#####.#...#...#.# #....
####.# ..#.........######.
######..(.#
.###.#....####......
........### #. #.######
#.#.... ........# # #.. #....
........# ##....### #.#..
........# #....+.# # ###.#


You could see Natasha and a shadow imp.

Vanquished Creatures
  Natasha (twice) (D:2)
  2 adders (D:2)
  2 dart slugs
  A leopard gecko (D:1)
  7 bats
  A giant cockroach (D:1)
  4 goblins
  3 hobgoblins (D:1)
  2 frilled lizards
  6 kobolds
  7 rats
37 creatures vanquished.

Notes
Turn   | Place    | Note
-------+----------+-------------------------------------------
     0 | D:1      | An17 the Demonspawn Wanderer began the quest for the Orb.
     0 | D:1      | An17 set off with the following items: a +2 quarterstaff, a
                  | scroll of teleportation, a +0 shortbow, 28 arrows, a +0
                  | robe, a ration
     0 | D:1      | Reached XP level 1. HP: 19/19 MP: 1/1
   112 | D:1      | Gained mutation: You sometimes gain a little power by
                  | taking damage. [demonic ancestry]
   112 | D:1      | Reached XP level 2. HP: 15/25 MP: 2/2
   811 | D:2      | Found a shattered altar of Ashenzari.
   873 | D:2      | Gained mutation: You have a pair of small antennae on your
                  | head. [demonic ancestry]
   873 | D:2      | Reached XP level 3. HP: 29/31 MP: 3/3
  1048 | D:2      | Noticed Natasha
  1055 | D:2      | Killed Natasha
  1055 | D:2      | Reached skill level 1 in Dodging
  1110 | D:2      | Reached XP level 4. HP: 38/38 MP: 4/4
  1225 | D:2      | Found a shimmering blue altar of Sif Muna.
  1226 | D:2      | Noticed Natasha
  1242 | D:2      | Killed Natasha
  1298 | D:2      | Noticed Natasha
  1305 | D:2      | HP: 1/38 [Natasha (5)]
  1306 | D:2      | Slain by a shadow imp

Levels and vault maps discovered:
D:1:      roderic_crop_circles_arrival_small, layout_rooms
D:2:      layout_basic, nicolae_overflow_crystal_walls, minmay_misc_feat_roman,
          ashenzari_altar_1, uniq_natasha

Skill      XL: |  1  2  3  4 |
---------------+-------------+-----
Staves         | 2 3 |  3.2
Dodging        | 1 |  1.1
Fighting       | |  4.8
Bows           | |  1.7
Throwing       | |  1.0
Armour         | |  0.3
Stealth        | |  1.0

Action                   |  1- 3 |  4- 6 || total
-------------------------+-------+-------++-------
Melee: Quarterstaff      |    86 |    17 ||   103
  Use: Scroll            |     4 |     1 ||     5
 Stab: Sleeping          |     1 |       ||     1
  Eat: Ration            |       |     1 ||     1
Armor: Robe              |    14 |       ||    14
       Ring mail         |     5 |     6 ||    11
Dodge: Dodged            |    64 |     9 ||    73

Table legend:
 A = Non-vault XP
 B = Vault XP
 C = Vault XP percentage of total XP
 D = Non-vault monster count
 E = Vault monster count
 F = Vault count percentage of total count
                 A         B        C        D         E       F
            +---------+---------+-------+---------+---------+-------
      Total |     114 |      36 |  24.0 |      36 |       1 |   2.7
            +---------+---------+-------+---------+---------+-------
        D:1 |      37 |       0 |   0.0 |      24 |       0 |   0.0
        D:2 |      77 |      36 |  31.9 |      12 |       1 |   7.7
            +---------+---------+-------+---------+---------+-------
